 Dungeon Crawl Stone Soup version 0.19-a0-1065-gdac414d (webtiles) character file.

1937 4thArraOfDagon the Grappler (level 8, -16/67 HPs)
             Began as a Troll Air Elementalist on Aug 3, 2016.
             Was an Initiate of Sif Muna.
             Demolished by a komodo dragon (23 damage)
             ... on level 8 of the Dungeon.
             The game lasted 00:10:40 (1861 turns).

4thArraOfDagon the Grappler (TrAE)                  Turns: 1861, Time: 00:10:41

Health: -16/67     AC: 12    Str: 17    XL:     8   Next: 97%
Magic:  9/9        EV:  9    Int: 13    God:    Sif Muna [......]
Gold:   242        SH:  0    Dex:  9    Spells: 3 memorised, 4 levels left

rFire  . . .     SeeInvis +     q - +7 quarterstaff of Dissolution {venom, *Confuse +Blink MR++ Dex-4}
rCold  . . .     Gourm    +     p - +0 troll leather armour
rNeg   . . .     Faith    .     (shield currently unavailable)
rPois  .         Spirit   .     (helmet restricted)
rElec  .         Dismiss  .     o - +2 cloak
rCorr  .         Reflect  .     (gloves unavailable)
SustAt .         Harm     .     (boots unavailable)
MR     ++...     Clarity  +     A - amulet of inaccuracy (curse)
Stlth  +.........               (no ring)
                                y - ring of see invisible

@: repel missiles, drained
A: unfitting armour, antennae 1, claws 3, rough black scales 1, agile 2,
clarity, fast metabolism 3, gourmand, regeneration 2, shaggy fur 1, tough skin 2
a: Renounce Religion, Evoke Blink


You were on level 8 of the Dungeon.
You worshipped Sif Muna.
Sif Muna was noncommittal.
You were full.

You visited 1 branch of the dungeon, and saw 8 of its levels.

You collected 242 gold pieces.

Inventory:

Hand Weapons
 q - the +7 quarterstaff of Dissolution (weapon) {venom, *Confuse +Blink MR++ Dex-4}
   (You found it on level 6 of the Dungeon)

   It poisons the flesh of those it strikes.
   It affects your dexterity (-4).
   It affects your resistance to hostile enchantments.
   It lets you blink.
   It may confuse you when you take damage.
 s - the +6 arbalest "Damnation" {damnation}
   (You found it on level 6 of the Dungeon)
 u - the +3 flail "Ygonn" {crush, rElec rPois rC- rN++, unknown}
   (You found it on level 7 of the Dungeon)

   It inflicts extra damage upon your enemies.
   It makes you vulnerable to cold.
   It insulates you from electricity.
   It protects you from poison.
   It greatly protects you from negative energy.
Armour
 a - a +0 robe
 o - a +2 cloak (worn)
 p - a +0 troll leather armour (worn)
Jewellery
 x - an uncursed amulet of rage
 y - a ring of see invisible (left claw)
 A - a cursed amulet of inaccuracy (around neck)
Wands
 e - a wand of flame (6/48)
 z - a wand of lightning (10/15)
Scrolls
 f - 3 scrolls of recharging
 g - a scroll of fear
 j - a scroll of teleportation
 m - a scroll of amnesia
Potions
 d - a potion of cancellation {unknown}
 h - a potion of beneficial mutation
 i - a potion of agility
 k - a potion of berserk rage {unknown}
 w - a potion of might {unknown}
Books
 b - a book of Air

   Spells                             Type                      Level
   a - Shock                          Conjuration/Air              1
   b - Swiftness                      Charms/Air                   2
   c - Repel Missiles                 Charms/Air                   2
   d - Static Discharge               Conjuration/Air              3
   e - Lightning Bolt                 Conjuration/Air              5
Comestibles
 c - 4 bread rations
 l - 3 meat rations
 r - a royal jelly
 t - a beef jerky


   Skills:
 - Level 2.5(2.1) Crossbows
 - Level 1.5(1.2) Dodging
 - Level 1.1(0.7) Stealth
 * Level 9.7(9.3) Unarmed Combat
 - Level 1.4(1.0) Spellcasting
 - Level 0.6(0.2) Conjurations
 - Level 2.3(1.9) Air Magic
 - Level 3.0(2.6) Evocations


You had 4 spell levels left.
You knew the following spells:

 Your Spells              Type           Power        Failure   Level  Hunger
a - Shock                 Conj/Air       #...         24%         1    ##.....
b - Repel Missiles        Chrm/Air       #.....       38%         2    ###....
c - Swiftness             Chrm/Air       #.......     38%         2    ###....


Dungeon Overview and Level Annotations

Branches:
Dungeon (8/15)             Temple (0/1) D:7            Lair (0/6) D:8

Altars:
Nemelex Xobeh
Sif Muna
Trog
Uskayaw
Vehumet
Xom
The Shining One

Shops:
D:4 =   D:7 *


Innate Abilities, Weirdness & Mutations

You are too large for most types of armour.
You have claws for hands.
Your metabolism is lightning-fast.
You like to eat raw meat.
You heal very quickly.
You are covered in fur. (AC +1)
You have very tough skin. (AC +2)
You have a pair of small antennae on your head.
You are partially covered in rough black scales. (AC +2, Dex -1)
You are very agile. (Dex +4)
You possess an exceptional clarity of mind.


Message History

You hit the komodo dragon.
The komodo dragon looks as sick as possible!
The komodo dragon is lightly wounded.
The komodo dragon bites you!
The komodo dragon bites you but does no damage.
You closely miss the komodo dragon.
The komodo dragon is lightly wounded.
The komodo dragon bites you but does no damage.
You hit the komodo dragon but do no damage.
The komodo dragon looks as sick as possible!
The komodo dragon is lightly wounded.
The komodo dragon barely misses you.
You sock the komodo dragon!
The komodo dragon is severely wounded.
The komodo dragon bites you!! x2
* * * LOW HITPOINT WARNING * * *
You closely miss the komodo dragon.
The komodo dragon is severely wounded.
The komodo dragon bites you!!
You die... ########### #PPPPPPPPP## PP...PPPPPP##

PP.>..PPPP..##
PP....PP.!...#
PPPPPPl......###
PP.PP..@...#....
#.P...P...###..
###.....### #.#
#....>#####.# #
#...........##########
#.....####............
#.....#####.##########
####...#.......# #
###.#.......#######


You could see a komodo dragon.

Vanquished Creatures
  A hungry ghost (D:7)
  4 water moccasins (D:7)
  2 sky beasts
  2 ice beasts (D:8)
  A phantom (D:8)
  A centaur (D:6)
  A big kobold (D:7)
  A giant frog (D:7)
  2 scorpions
  3 wights (D:7)
  2 howler monkeys (D:8)
  2 crimson imps
  A hound (D:6)
  An orc wizard (D:6)
  An orc priest (D:6)
  Jessica (D:2)
  An iguana (D:6)
  5 worker ants
  A hound zombie (D:6)
  4 adders
  An adder skeleton (D:8)
  3 giant geckos
  3 orcs
  A ball python (D:6)
  A bat (D:3)
  3 hobgoblins
  9 jackals
  2 quokkas
  2 giant newts
  3 kobolds
  5 rats
70 creatures vanquished.

Vanquished Creatures (others)
  A plant (D:8)
1 creature vanquished.

Grand Total: 71 creatures vanquished

Notes
Turn   | Place    | Note
-------+----------+-------------------------------------------
     0 | D:1      | 4thArraOfDagon the Troll Air Elementalist began the quest for the Orb.
     0 | D:1      | Reached XP level 1. HP: 16/16 MP: 1/1
    62 | D:2      | Reached XP level 2. HP: 17/24 MP: 3/3
    74 | D:2      | Learned a level 2 spell: Repel Missiles
   217 | D:3      | Reached skill level 1 in Unarmed Combat
   231 | D:2      | Found a deep blue altar of Sif Muna.
   284 | D:2      | Became a worshipper of Sif Muna the Loreminder
   413 | D:2      | Noticed Jessica
   428 | D:2      | Killed Jessica
   428 | D:2      | Reached skill level 2 in Unarmed Combat
   428 | D:2      | Reached XP level 3. HP: 30/31 MP: 4/4
   569 | D:3      | Reached skill level 3 in Unarmed Combat
   619 | D:4      | Found Ostruq's Jewellery Shoppe.
   666 | D:5      | Entered Level 5 of the Dungeon
   733 | D:5      | Noticed a wasp
   767 | D:5      | Reached XP level 4. HP: 39/39 MP: 2/5
   807 | D:6      | Learned a level 2 spell: Swiftness
   838 | D:6      | Reached skill level 4 in Unarmed Combat
   853 | D:6      | Reached XP level 5. HP: 37/45 MP: 6/6
   862 | D:6      | Found a sparkling altar of Nemelex Xobeh.
   864 | D:6      | Found a hide-covered altar of Uskayaw.
   969 | D:6      | Got a bloodstained quarterstaff
   972 | D:6      | Noticed a centaur
   984 | D:6      | Killed a centaur
   984 | D:6      | Reached skill level 1 in Crossbows
   984 | D:6      | Reached skill level 5 in Unarmed Combat
   984 | D:6      | Reached XP level 6. HP: 43/53 MP: 7/7
  1123 | D:7      | Got a smoking flail
  1129 | D:7      | Reached skill level 6 in Unarmed Combat
  1137 | D:7      | Found a shimmering altar of Xom.
  1139 | D:7      | Found a radiant altar of Vehumet.
  1142 | D:7      | Found a bloodstained altar of Trog.
  1178 | D:7      | Reached XP level 7. HP: 49/59 MP: 8/8
  1202 | D:7      | Found a staircase to the Ecumenical Temple.
  1235 | D:7      | Noticed a hungry ghost
  1243 | D:7      | Killed a hungry ghost
  1312 | D:7      | Reached skill level 7 in Unarmed Combat
  1470 | D:8      | Reached skill level 1 in Evocations
  1470 | D:8      | Reached XP level 8. HP: 67/67 MP: 9/9
  1509 | D:8      | Reached skill level 8 in Unarmed Combat
  1515 | D:8      | Gained mutation: You have a pair of small antennae on your head. [mutagenic meat]
  1527 | D:8      | Gained mutation: You possess an exceptional clarity of mind. [mutagenic meat]
  1533 | D:8      | Gained mutation: You are agile. (Dex +2) [mutagenic meat]
  1536 | D:8      | Gained mutation: You are very agile. (Dex +4) [mutagenic meat]
  1542 | D:8      | Gained mutation: You are partially covered in rough black scales. (AC +2, Dex -1) [mutagenic meat]
  1682 | D:7      | Found Sesaak's Serpentskin Sales.
  1698 | D:7      | Reached skill level 9 in Unarmed Combat
  1763 | D:7      | Found a glowing golden altar of the Shining One.
  1848 | D:8      | Noticed a komodo dragon
  1849 | D:8      | Identified the +7 quarterstaff of Dissolution {venom, *Confuse +Blink MR++ Dex-4} (You found it on level 6 of the Dungeon)
  1850 | D:8      | Found a staircase to the Lair.
  1861 | D:8      | Demolished by a komodo dragon

Vault maps used:
D:1:      lightli_molten_gateway
D:2:      nicolae_overflow_hidden_temple, uniq_jessica
D:3:      first_bread
D:4:      serial_shops, nicolae_shop_trees, grunt_ministairs_11, uniq_grinder
D:5:      old_forge, serial_shops, shop
D:6:      lemuel_crystal_altar, minitemple, uniq_menkaure
D:7:      lemuel_round_altar, grunt_temple_overflow_open, guppyfry_shop_venom
D:8:      david_lair_shrubbed, uniq_psyche

Skill      XL: |  1  2  3  4  5  6  7  8 |
---------------+-------------------------+-----
Unarmed Combat | 2 3 4 5 6 7 9 |  9.7
Crossbows      | 1 2 |  2.5
Evocations     | 1 3 |  3.0
Dodging        | |  1.5
Stealth        | |  1.1
Spellcasting   | |  1.4
Conjurations   | |  0.6
Air Magic      | |  2.3

Action                   |  1- 3 |  4- 6 |  7- 9 || total
-------------------------+-------+-------+-------++-------
Melee: Unarmed           |   101 |    75 |   156 ||   332
       Punch             |     3 |     3 |     1 ||     7
       Quarterstaff      |       |       |     6 ||     6
 Cast: Repel Missiles    |     2 |     1 |     1 ||     4
  Use: Scroll            |       |    10 |     1 ||    11
       Potion            |       |       |     6 ||     6
 Stab: Sleeping          |       |     2 |     2 ||     4
  Eat: Chunk             |     7 |     5 |    16 ||    28
       Fruit             |     4 |       |       ||     4
       Pizza             |       |       |     1 ||     1
Armor: Robe              |    32 |     8 |       ||    40
       Troll leather arm |       |    21 |    60 ||    81
       Skin              |       |       |    15 ||    15
Dodge: Dodged            |    56 |    28 |    49 ||   133
       Deflected         |     1 |     2 |     1 ||     4
